Penguins vs Ducks
Created - December 21, 2024 at 23:14
Goals
|
| Penguins |
0 |
2 |
2 |
4 |
| Ducks |
1 |
0 |
1 |
2 |
|
Shots
|
| Penguins |
8 |
17 |
10 |
35 |
| Ducks |
10 |
6 |
13 |
29 |
|
1st period
1. Ducks , Kris Versteeg 1 (Mike Richards 1, Tomas Nosek 11) at 5:41
Penalties :
Noah Hanifin (Ana) for Cross-checking (Minor) at 6:41, Jeff Carter (Pit) for Slashing (Minor) at 9:10, Mark Scheifele (Pit) for Roughing (Minor) at 17:25
2nd period
2. Penguins , Iven Barbashev 3 (Brandon Tanev 5, Nick Leddy 3) at 4:16
3. Penguins , Pavel Zacha 6 (Sebastian Aho 11) at 12:38
Penalties :
Noah Hanifin (Ana) for Tripping (Minor) at 1:58, Nikita Zaitsev (Ana) for Holding (Minor) at 17:40
3rd period
4. Penguins , Sebastian Aho 7 (Mathew Barzal 4, Pavel Zacha 7) at 3:32
5. Ducks , Sam Gagner 3 (Brian Dumoulin 7) at 17:55
6. Penguins , John Tavares 15 (Tom Wilson 6, Oscar Klefbom 13) at 19:16 (Empty Net)
Penalties :
Kris Versteeg (Ana) for Cross-checking (Minor) at 5:58, Jeff Carter (Pit) for Tripping (Minor) at 11:09, Mark Scheifele (Pit) for Tripping (Minor) at 14:07
Goalie Stats
Ondrej Pavelec (Pit), 27 saves from 29 shots - (0.931), W, 9-5-2, 60:00 minutes
Marek Mazanek (Ana), 31 saves from 34 shots - (0.912), L, 1-6-1, 59:36 minutes
Players Stats for Penguins
Player Name G A P +/- PIM S H SB GA TA FO MP PP MP PK MP
------------------------------------------------------------------------------------
Aaron Ekblad 0 0 0 -1 0 0 0 0 0 0 0/0 6:16 1:12 1:06
Brandon Tanev 0 1 1 0 0 2 0 0 0 0 0/0 8:15 0:00 1:44
Colin Wilson 0 0 0 0 0 0 1 0 0 0 2/3 9:21 0:02 2:01
Gavin Bayreuther 0 0 0 1 0 1 3 0 0 0 0/0 11:34 1:19 0:12
Iven Barbashev 1 0 1 0 0 1 2 0 0 0 0/0 8:26 0:02 1:50
Jeff Carter 0 0 0 0 4 0 2 0 0 2 1/4 12:06 0:00 1:43
John Tavares 1 0 1 0 0 7 0 1 0 0 28/40 22:28 4:30 1:56
Keith Aulie 0 0 0 1 0 2 8 1 1 1 0/0 33:28 4:56 3:57
Kirill Kaprizov 0 0 0 -1 0 2 1 0 1 0 0/1 20:24 4:30 0:12
Marcus Foligno 0 0 0 1 0 3 2 0 1 1 2/2 14:40 0:00 4:10
Mark Scheifele 0 0 0 -1 4 8 2 0 0 1 4/6 22:46 4:30 2:16
Mathew Barzal 0 1 1 2 0 2 0 2 0 1 1/1 14:45 3:24 0:00
Nick Blankenburg 0 0 0 2 0 1 0 1 0 1 0/0 17:44 1:48 1:57
Nick Leddy 0 1 1 1 0 0 1 3 0 0 0/0 20:44 1:06 4:20
Oscar Klefbom 0 1 1 0 0 2 4 3 0 1 0/0 29:26 5:31 4:20
Pavel Zacha 1 1 2 2 0 1 1 0 0 1 0/0 14:45 3:24 0:00
Sebastian Aho 1 1 2 2 0 2 4 1 1 0 7/11 14:45 3:24 0:00
Tom Wilson 0 1 1 1 0 1 1 0 1 0 0/0 10:07 0:02 0:00
Players Stats for Ducks
Player Name G A P +/- PIM S H SB GA TA FO MP PP MP PK MP
------------------------------------------------------------------------------------
Alexandre Grenier 0 0 0 1 0 0 0 0 0 0 0/0 7:49 0:08 0:00
Brian Dumoulin 0 1 1 -2 0 1 1 2 1 1 0/0 22:53 3:19 4:40
Carter Verhaeghe 0 0 0 1 0 0 0 0 0 0 0/0 12:21 3:54 0:00
Chris Bigras 0 0 0 -1 0 1 1 0 0 0 0/0 13:25 0:00 3:31
Cody Eakin 0 0 0 -2 0 4 0 1 0 0 7/25 18:57 4:03 1:32
Jesse Puljujarvi 0 0 0 -1 0 1 0 1 0 0 0/0 18:09 3:41 0:00
Jimmy Vesey 0 0 0 -1 0 6 1 0 1 0 0/1 16:10 0:13 1:06
Johnny Gaudreau 0 0 0 -3 0 4 2 0 2 0 0/0 21:41 4:03 4:29
Justin Schultz 0 0 0 0 0 0 3 1 0 0 0/0 12:47 0:00 3:20
Kevin Shattenkirk 0 0 0 0 0 0 1 0 0 0 0/0 24:36 4:37 0:13
Kris Versteeg 1 0 1 1 2 2 0 0 1 0 0/0 8:55 0:00 0:00
Marcus Kruger 0 0 0 -2 0 2 1 0 0 0 1/2 16:25 3:53 0:00
Mike Richards 0 1 1 0 0 2 0 0 0 0 4/11 13:11 0:12 4:15
Nikita Zaitsev 0 0 0 -1 2 2 2 1 0 1 0/0 19:31 3:19 2:06
Noah Hanifin 0 0 0 -1 4 0 0 0 2 2 0/0 27:16 4:37 2:02
Sam Gagner 1 0 1 1 0 2 2 0 1 0 0/0 9:56 0:00 2:15
Tomas Nosek 0 1 1 -1 0 1 1 0 1 1 9/23 18:02 3:41 0:00
Travis Zajac 0 0 0 1 0 1 0 0 0 0 2/6 9:56 0:00 2:15
3 Stars
1 - Sebastian Aho (Pit)
2 - Pavel Zacha (Pit)
3 - Keith Aulie (Pit)
Power Play
Penguins - 0 on 4 Attempt(s) - 0.00%
Ducks - 0 on 4 Attempt(s) - 0.00%
Penalty Kill
Penguins - 4 on 4 Attempt(s) - 100.00%
- Score 0 goal in Penalty Kill
Ducks - 4 on 4 Attempt(s) - 100.00%
- Score 0 goal in Penalty Kill
Team Stat
Penguins - Hits : 32 - Faceoff Wins : 45 - Blocked Shots : 12 - Penalty Minutes : 8
Ducks - Hits : 15 - Faceoff Wins : 23 - Blocked Shots : 6 - Penalty Minutes : 8
Official
Referees : Dean Morton and Ian Walsh
Linesman : Kiel Murchison and Vaughan Rody
Game Notes
Aaron Ekblad is injured at 11:13 of 1st period (Right Ankle)
John Tavares has scored in a empty net!
Finance
Level 1 -- Attendance: 5523 (92.05%) -- Ticket Income $552,300
Level 2 -- Attendance: 4983 (99.66%) -- Ticket Income $348,810
Level 3 -- Attendance: 1823 (91.15%) -- Ticket Income $72,920
Level 4 -- Attendance: 3674 (91.85%) -- Ticket Income $110,220
Luxury Box -- Attendance: 900 (90.00%) -- Ticket Income $180,000
Game was played at the Arrow head pond.
Total Attendance: 16903 (93.91%)
Total Ticket Income: $1,264,250
Other Income: $189,638
Total Income: $1,453,888
Penguins
5 vs 5 Forward
Center Left Wing Right Wing Time % Phy DF OF
1 John Tavares Kirill Kaprizov Mark Scheifele 40 1 2 2
2 Sebastian Aho Pavel Zacha Mathew Barzal 30 1 2 2
3 Jeff Carter Marcus Foligno Tom Wilson 20 1 2 2
4 Colin Wilson Iven Barbashev Brandon Tanev 10 1 2 2
5 vs 5 Defense
Defense Defense Time % Phy DF OF
1 Oscar Klefbom Aaron Ekblad 45 1 2 2
2 Keith Aulie Nick Leddy 35 1 2 2
3 Gavin Bayreuther Nick Blankenburg 20 1 2 2
4 Oscar Klefbom Nick Leddy 0 1 2 2
PowerPlay Forward
Center Left Wing Right Wing Time % Phy DF OF
1 John Tavares Kirill Kaprizov Mark Scheifele 60 0 2 3
2 Sebastian Aho Pavel Zacha Mathew Barzal 40 0 2 3
PowerPlay Defense
Defense Defense Time % Phy DF OF
1 Oscar Klefbom Aaron Ekblad 60 0 2 3
2 Keith Aulie Gavin Bayreuther 40 0 2 3
Penalty Kill 4 Players Forward
Center Wing Time % Phy DF OF
1 Mark Scheifele Marcus Foligno 60 1 3 1
2 John Tavares Brandon Tanev 40 1 3 1
Penalty Kill 4 Players Defense
Defense Defense Time % Phy DF OF
1 Oscar Klefbom Keith Aulie 60 1 2 2
2 Aaron Ekblad Nick Leddy 40 1 2 2
Penalty Kill - 3 Players Forward
Forward Time % Phy DF OF
1 Marcus Foligno 60 1 2 2
2 John Tavares 40 1 2 2
Penalty Kill - 3 Players Defense
Defense Defense Time % Phy DF OF
1 Oscar Klefbom Keith Aulie 60 1 2 2
2 Aaron Ekblad Nick Leddy 40 1 2 2
4 vs 4 Forward
Center Wing Time % Phy DF OF
1 John Tavares Mark Scheifele 60 1 2 2
2 Sebastian Aho Pavel Zacha 40 1 2 2
4 vs 4 Defense
Defense Defense Time % Phy DF OF
1 Oscar Klefbom Aaron Ekblad 50 1 2 2
2 Keith Aulie Gavin Bayreuther 50 1 2 2
Last Minutes Offensive
Center Left Wing Right Wing Defense Defense
John Tavares Kirill Kaprizov Mark Scheifele Oscar Klefbom Aaron Ekblad
Last Minutes Defensive
Center Left Wing Right Wing Defense Defense
John Tavares Marcus Foligno Tom Wilson Oscar Klefbom Keith Aulie
Goaltenders
Starting : Ondrej Pavelec
Backup : Jeremy Swayman
Extra Forwards
Normal : John Tavares, Mark Scheifele, Marcus Foligno - PP : John Tavares, Mark Scheifele - PK : Marcus Foligno
Extra Defensemen
Normal : Oscar Klefbom, Aaron Ekblad, Keith Aulie - PP : Aaron Ekblad - PK : Oscar Klefbom, Keith Aulie
Penalty Shots
Mark Scheifele, John Tavares, Sebastian Aho, Kirill Kaprizov, Pavel Zacha
Custom OT Lines Forwards
John Tavares, Mark Scheifele, Sebastian Aho, Kirill Kaprizov, Pavel Zacha, Mathew Barzal, Marcus Foligno, Colin Wilson, Tom Wilson, Iven Barbashev
Custom OT Lines Defensemen
Aaron Ekblad, Oscar Klefbom, Keith Aulie, Nick Leddy, Gavin Bayreuther
Scratches
Nikita Tryamkin (Healthy)
Ducks
5 vs 5 Forward
Center Left Wing Right Wing Time % Phy DF OF
1 Cody Eakin Johnny Gaudreau Marcus Kruger 35 0 2 3
2 Tomas Nosek Jimmy Vesey Jesse Puljujarvi 35 0 2 3
3 Mike Richards Carter Verhaeghe Kris Versteeg 20 0 2 3
4 Travis Zajac Sam Gagner Alexandre Grenier 10 0 2 3
5 vs 5 Defense
Defense Defense Time % Phy DF OF
1 Kevin Shattenkirk Noah Hanifin 40 0 2 3
2 Brian Dumoulin Nikita Zaitsev 30 3 1 1
3 Justin Schultz Chris Bigras 20 3 1 1
4 Kevin Shattenkirk Noah Hanifin 10 4 1 0
PowerPlay Forward
Center Left Wing Right Wing Time % Phy DF OF
1 Cody Eakin Johnny Gaudreau Jesse Puljujarvi 60 0 1 4
2 Tomas Nosek Carter Verhaeghe Marcus Kruger 40 0 1 4
PowerPlay Defense
Defense Defense Time % Phy DF OF
1 Kevin Shattenkirk Noah Hanifin 60 0 1 4
2 Brian Dumoulin Nikita Zaitsev 40 0 1 4
Penalty Kill 4 Players Forward
Center Wing Time % Phy DF OF
1 Mike Richards Johnny Gaudreau 60 1 2 2
2 Travis Zajac Sam Gagner 40 1 2 2
Penalty Kill 4 Players Defense
Defense Defense Time % Phy DF OF
1 Brian Dumoulin Noah Hanifin 60 1 2 2
2 Justin Schultz Nikita Zaitsev 40 1 2 2
Penalty Kill - 3 Players Forward
Forward Time % Phy DF OF
1 Cody Eakin 60 0 3 2
2 Mike Richards 40 0 3 2
Penalty Kill - 3 Players Defense
Defense Defense Time % Phy DF OF
1 Kevin Shattenkirk Chris Bigras 60 0 3 2
2 Justin Schultz Nikita Zaitsev 40 0 3 2
4 vs 4 Forward
Center Wing Time % Phy DF OF
1 Travis Zajac Johnny Gaudreau 60 0 2 3
2 Mike Richards Jimmy Vesey 40 0 2 3
4 vs 4 Defense
Defense Defense Time % Phy DF OF
1 Kevin Shattenkirk Chris Bigras 60 0 2 3
2 Justin Schultz Nikita Zaitsev 40 0 2 3
Last Minutes Offensive
Center Left Wing Right Wing Defense Defense
Cody Eakin Johnny Gaudreau Marcus Kruger Kevin Shattenkirk Noah Hanifin
Last Minutes Defensive
Center Left Wing Right Wing Defense Defense
Cody Eakin Johnny Gaudreau Kris Versteeg Brian Dumoulin Noah Hanifin
Goaltenders
Starting : Marek Mazanek
Backup : Michal Neuvirth
Extra Forwards
Normal : Cody Eakin, Carter Verhaeghe, Jesse Puljujarvi - PP : Cody Eakin, Carter Verhaeghe - PK : Cody Eakin
Extra Defensemen
Normal : Nikita Zaitsev, Noah Hanifin, Brian Dumoulin - PP : Noah Hanifin - PK : Noah Hanifin, Brian Dumoulin
Penalty Shots
Johnny Gaudreau, Jimmy Vesey, Sam Gagner, Marcus Kruger, Cody Eakin
Custom OT Lines Forwards
Johnny Gaudreau, Jimmy Vesey, Sam Gagner, Marcus Kruger, Cody Eakin, Carter Verhaeghe, Mike Richards, Kris Versteeg, Travis Zajac, Alexandre Grenier
Custom OT Lines Defensemen
Kevin Shattenkirk, Noah Hanifin, Justin Schultz, Nikita Zaitsev, Brian Dumoulin
Scratches
Brandon Pirri (Healthy), Corban Knight (Healthy), Viktor Loov (Healthy)
% Time on Ice - Penguins
Lines # - Real PCT - Wanted PCT - Time Play
Normal Forward
1 - 37% - 40% - 16:15
2 - 26% - 30% - 11:22
3 - 22% - 20% - 9:42
4 - 15% - 10% - 6:30
Normal Defense
1 - 50% - 45% - 21:54
2 - 28% - 35% - 12:27
3 - 22% - 20% - 9:28
4 - 0% - 0% - 0:00
PP Forward
1 - 57% - 60% - 4:32
2 - 43% - 40% - 3:24
PP Defense
1 - 83% - 60% - 6:37
2 - 17% - 40% - 1:19
PK Forward
1 - 78% - 60% - 6:12
2 - 22% - 40% - 1:44
PK Defense
1 - 40% - 60% - 3:10
2 - 60% - 40% - 4:46
PK3 Forward
1 - 0% - 60%
2 - 0% - 40%
PK3 Defense
1 - 0% - 60%
2 - 0% - 40%
44 Forward
1 - 0% - 60%
2 - 0% - 40%
44 Defense
1 - 0% - 50%
2 - 0% - 50%
Last Minute Offensive - 0:00
Last Minute Defensive - 0:19
Total
Forward - 60:00
Defense - 60:00
|
% Time on Ice - Ducks
Lines # - Real PCT - Wanted PCT - Time Play
Normal Forward
1 - 31% - 35% - 13:24
2 - 33% - 35% - 14:22
3 - 19% - 20% - 8:23
4 - 18% - 10% - 7:41
Normal Defense
1 - 44% - 40% - 19:13
2 - 31% - 30% - 13:24
3 - 21% - 20% - 9:23
4 - 4% - 10% - 1:50
PP Forward
1 - 51% - 60% - 4:03
2 - 49% - 40% - 3:53
PP Defense
1 - 58% - 60% - 4:37
2 - 42% - 40% - 3:19
PK Forward
1 - 72% - 60% - 5:41
2 - 28% - 40% - 2:15
PK Defense
1 - 61% - 60% - 4:49
2 - 39% - 40% - 3:07
PK3 Forward
1 - 0% - 60%
2 - 0% - 40%
PK3 Defense
1 - 0% - 60%
2 - 0% - 40%
44 Forward
1 - 0% - 60%
2 - 0% - 40%
44 Defense
1 - 0% - 60%
2 - 0% - 40%
Last Minute Offensive - 0:18
Last Minute Defensive - 0:00
Total
Forward - 60:00
Defense - 60:00
|
Play-by-Play
1st period
0:01 of 1st period - John Tavares wins face-off versus Cody Eakin in neutral zone.
0:34 of 1st period - Snap shot by Jimmy Vesey.
0:34 of 1st period - Stopped by Ondrej Pavelec with a rebound.
1:24 of 1st period - Snap shot by Marcus Foligno.
1:24 of 1st period - Stopped by Marek Mazanek with a rebound.
1:26 of 1st period - Slapshot by Keith Aulie.
1:26 of 1st period - Stopped by Marek Mazanek without a rebound.
1:27 of 1st period - John Tavares wins face-off versus Tomas Nosek in Ducks zone.
1:54 of 1st period - Brandon Tanev is hit by Justin Schultz and loses puck.
2:27 of 1st period - Snap shot by Carter Verhaeghe.
2:27 of 1st period - Shot Blocked by Nick Blankenburg.
2:39 of 1st period - Wrist shot by Mark Scheifele.
2:39 of 1st period - Stopped by Marek Mazanek with a rebound.
2:41 of 1st period - Snap shot by Mark Scheifele.
2:41 of 1st period - Stopped by Marek Mazanek without a rebound.
2:42 of 1st period - Mark Scheifele wins face-off versus Cody Eakin in Ducks zone.
2:47 of 1st period - Snap shot by John Tavares.
2:47 of 1st period - Shot Misses the Net.
2:49 of 1st period - Wrist shot by John Tavares.
2:49 of 1st period - Stopped by Marek Mazanek without a rebound.
2:50 of 1st period - Marcus Kruger wins face-off versus John Tavares in Ducks zone.
3:01 of 1st period - Snap shot by Johnny Gaudreau.
3:01 of 1st period - Shot Misses the Net.
3:03 of 1st period - Wrist shot by Cody Eakin.
3:03 of 1st period - Shot Misses the Net.
3:05 of 1st period - Wrist shot by Chris Bigras.
3:05 of 1st period - Stopped by Ondrej Pavelec with a rebound.
3:07 of 1st period - Slapshot by Chris Bigras.
3:07 of 1st period - Deflect By Johnny Gaudreau.
3:07 of 1st period - Shot Misses the Net.
3:07 of 1st period - Puck is out of play.
3:08 of 1st period - Sebastian Aho wins face-off versus Tomas Nosek in Penguins zone.
3:08 of 1st period - Sebastian Aho is hit by Tomas Nosek.
3:17 of 1st period - Icing by Kevin Shattenkirk.
3:18 of 1st period - Tomas Nosek wins face-off versus Sebastian Aho in Ducks zone.
3:31 of 1st period - Wrist shot by Jesse Puljujarvi.
3:31 of 1st period - Stopped by Ondrej Pavelec without a rebound.
3:32 of 1st period - John Tavares wins face-off versus Cody Eakin in Penguins zone.
3:32 of 1st period - John Tavares is hit by Johnny Gaudreau.
4:03 of 1st period - Slapshot by Nikita Zaitsev.
4:03 of 1st period - Stopped by Ondrej Pavelec without a rebound.
4:04 of 1st period - Tomas Nosek wins face-off versus Jeff Carter in Penguins zone.
4:11 of 1st period - Slapshot by Tomas Nosek.
4:11 of 1st period - Shot Blocked by Nick Leddy.
5:37 of 1st period - Slapshot by Kris Versteeg.
5:37 of 1st period - Shot Misses the Net.
5:39 of 1st period - Wrist shot by Mike Richards.
5:39 of 1st period - Shot Misses the Net.
5:41 of 1st period - Snap shot by Kris Versteeg.
5:41 of 1st period - Goal by Kris Versteeg - Penguins : 0 - Ducks : 1.
5:42 of 1st period - John Tavares wins face-off versus Tomas Nosek in neutral zone.
6:41 of 1st period - Minor Penalty to Noah Hanifin for Cross-checking.
6:42 of 1st period - John Tavares wins face-off versus Mike Richards in Ducks zone.
6:51 of 1st period - Wrist shot by Mark Scheifele.
6:51 of 1st period - Shot Misses the Net.
6:53 of 1st period - Slapshot by Keith Aulie.
6:53 of 1st period - Deflect By John Tavares.
6:53 of 1st period - Shot Misses the Net.
6:53 of 1st period - Puck is out of play.
6:54 of 1st period - Mike Richards wins face-off versus John Tavares in Ducks zone.
7:07 of 1st period - Wrist shot by John Tavares.
7:07 of 1st period - Stopped by Marek Mazanek without a rebound.
7:08 of 1st period - Mike Richards wins face-off versus John Tavares in Ducks zone.
7:59 of 1st period - Johnny Gaudreau is hit by Keith Aulie and loses puck.
8:14 of 1st period - Sam Gagner is hit by Gavin Bayreuther.
8:40 of 1st period - Mathew Barzal is hit by Chris Bigras and loses puck.
8:41 of 1st period - Penalty to Noah Hanifin is over, Noah Hanifin is back on ice.
9:10 of 1st period - Minor Penalty to Jeff Carter for Slashing.
9:11 of 1st period - Mark Scheifele wins face-off versus Tomas Nosek in Penguins zone.
9:23 of 1st period - Snap shot by Tomas Nosek.
9:23 of 1st period - Stopped by Ondrej Pavelec without a rebound.
9:24 of 1st period - Cody Eakin wins face-off versus Mark Scheifele in Penguins zone.
10:40 of 1st period - Icing by Nikita Zaitsev.
10:41 of 1st period - John Tavares wins face-off versus Tomas Nosek in Ducks zone.
11:10 of 1st period - Penalty to Jeff Carter is over, Jeff Carter is back on ice.
11:12 of 1st period - Aaron Ekblad is hit by Johnny Gaudreau and loses puck.
11:13 of 1st period - Aaron Ekblad from Penguins is injured at 11:13 of 1st period (Right Ankle).
11:14 of 1st period - Tomas Nosek wins face-off versus John Tavares in Penguins zone.
12:03 of 1st period - Off-side.
12:04 of 1st period - Marcus Foligno wins face-off versus Mike Richards in neutral zone.
12:12 of 1st period - Carter Verhaeghe is hit by Marcus Foligno and loses puck.
12:26 of 1st period - Kris Versteeg is hit by Jeff Carter and loses puck.
13:03 of 1st period - Snap shot by Mike Richards.
13:03 of 1st period - Stopped by Ondrej Pavelec with a rebound.
13:05 of 1st period - Wrist shot by Nikita Zaitsev.
13:05 of 1st period - Stopped by Ondrej Pavelec without a rebound.
13:06 of 1st period - John Tavares wins face-off versus Jimmy Vesey in Penguins zone.
14:33 of 1st period - Wrist shot by Mark Scheifele.
14:33 of 1st period - Deflect By Kirill Kaprizov.
14:33 of 1st period - Stopped by Marek Mazanek with a rebound.
15:26 of 1st period - Icing by Nick Leddy.
15:27 of 1st period - Mark Scheifele wins face-off versus Tomas Nosek in Penguins zone.
15:55 of 1st period - Snap shot by Brandon Tanev.
15:55 of 1st period - Shot Blocked by Nikita Zaitsev.
16:01 of 1st period - Jesse Puljujarvi is hit by Colin Wilson and loses puck.
16:26 of 1st period - Snap shot by Jimmy Vesey.
16:26 of 1st period - Shot Blocked by Oscar Klefbom.
16:51 of 1st period - Wrist shot by Tomas Nosek.
16:51 of 1st period - Shot Blocked by Oscar Klefbom.
16:53 of 1st period - Slapshot by Brian Dumoulin.
16:53 of 1st period - Stopped by Ondrej Pavelec without a rebound.
16:54 of 1st period - John Tavares wins face-off versus Cody Eakin in Penguins zone.
17:25 of 1st period - Minor Penalty to Mark Scheifele for Roughing.
17:26 of 1st period - Cody Eakin wins face-off versus Colin Wilson in Penguins zone.
17:26 of 1st period - Wrist shot by Johnny Gaudreau.
17:26 of 1st period - Stopped by Ondrej Pavelec with a rebound.
17:38 of 1st period - Slapshot by Oscar Klefbom.
17:38 of 1st period - Stopped by Marek Mazanek with a rebound.
19:16 of 1st period - Noah Hanifin is hit by Keith Aulie and loses puck.
19:25 of 1st period - Penalty to Mark Scheifele is over, Mark Scheifele is back on ice.
19:31 of 1st period - Wrist shot by Mark Scheifele.
19:31 of 1st period - Shot Misses the Net.
19:39 of 1st period - Pavel Zacha is hit by Sam Gagner and loses puck.
Goals for this period are 0 for Penguins vs 1 for Ducks.
Shots for this period are 8 for Penguins vs 10 for Ducks.
2nd period
0:01 of 2nd period - John Tavares wins face-off versus Cody Eakin in neutral zone.
0:57 of 2nd period - Jimmy Vesey is hit by Keith Aulie and loses puck.
1:14 of 2nd period - Snap shot by Mark Scheifele.
1:14 of 2nd period - Shot Misses the Net.
1:16 of 2nd period - Snap shot by John Tavares.
1:16 of 2nd period - Deflect By Mark Scheifele.
1:16 of 2nd period - Shot Misses the Net.
1:16 of 2nd period - Puck is out of play.
1:17 of 2nd period - John Tavares wins face-off versus Tomas Nosek in Ducks zone.
1:20 of 2nd period - Wrist shot by Mark Scheifele.
1:20 of 2nd period - Stopped by Marek Mazanek without a rebound.
1:21 of 2nd period - Tomas Nosek wins face-off versus John Tavares in Ducks zone.
1:32 of 2nd period - Wrist shot by Mark Scheifele.
1:32 of 2nd period - Stopped by Marek Mazanek with a rebound.
1:34 of 2nd period - Wrist shot by John Tavares.
1:34 of 2nd period - Deflect By Kirill Kaprizov.
1:34 of 2nd period - Shot Misses the Net.
1:34 of 2nd period - Puck is out of play.
1:35 of 2nd period - John Tavares wins face-off versus Cody Eakin in Ducks zone.
1:52 of 2nd period - Wrist shot by John Tavares.
1:52 of 2nd period - Shot Misses the Net.
1:58 of 2nd period - Minor Penalty to Noah Hanifin for Tripping.
1:59 of 2nd period - John Tavares wins face-off versus Mike Richards in Ducks zone.
2:26 of 2nd period - Johnny Gaudreau is hit by Keith Aulie and loses puck.
3:50 of 2nd period - Wrist shot by Cody Eakin.
3:50 of 2nd period - Stopped by Ondrej Pavelec with a rebound.
3:58 of 2nd period - Penalty to Noah Hanifin is over, Noah Hanifin is back on ice.
4:16 of 2nd period - Snap shot by Iven Barbashev.
4:16 of 2nd period - Goal by Iven Barbashev - Penguins : 1 - Ducks : 1.
4:17 of 2nd period - John Tavares wins face-off versus Tomas Nosek in neutral zone.
4:24 of 2nd period - Snap shot by John Tavares.
4:24 of 2nd period - Shot Blocked by Jesse Puljujarvi.
4:26 of 2nd period - Slapshot by John Tavares.
4:26 of 2nd period - Stopped by Marek Mazanek with a rebound.
4:28 of 2nd period - Slapshot by Keith Aulie.
4:28 of 2nd period - Stopped by Marek Mazanek without a rebound.
4:29 of 2nd period - Cody Eakin wins face-off versus John Tavares in Ducks zone.
4:44 of 2nd period - Wrist shot by Mark Scheifele.
4:44 of 2nd period - Shot Misses the Net.
5:03 of 2nd period - Keith Aulie is hit by Jimmy Vesey and loses puck.
5:42 of 2nd period - Off-side.
5:43 of 2nd period - John Tavares wins face-off versus Travis Zajac in neutral zone.
6:10 of 2nd period - Mark Scheifele is hit by Brian Dumoulin and loses puck.
6:23 of 2nd period - Wrist shot by Alexandre Grenier.
6:23 of 2nd period - Shot Misses the Net.
6:35 of 2nd period - Wrist shot by Kirill Kaprizov.
6:35 of 2nd period - Shot Misses the Net.
6:37 of 2nd period - Snap shot by Nick Blankenburg.
6:37 of 2nd period - Stopped by Marek Mazanek without a rebound.
6:38 of 2nd period - Cody Eakin wins face-off versus Sebastian Aho in Ducks zone.
6:49 of 2nd period - Slapshot by Johnny Gaudreau.
6:49 of 2nd period - Stopped by Ondrej Pavelec with a rebound.
6:51 of 2nd period - Wrist shot by Johnny Gaudreau.
6:51 of 2nd period - Deflect By Cody Eakin.
6:51 of 2nd period - Shot Blocked by Sebastian Aho.
6:51 of 2nd period - Puck is out of play.
6:52 of 2nd period - Sebastian Aho wins face-off versus Tomas Nosek in Penguins zone.
6:56 of 2nd period - Icing by Oscar Klefbom.
6:57 of 2nd period - Sebastian Aho wins face-off versus Tomas Nosek in Penguins zone.
7:10 of 2nd period - Snap shot by Mathew Barzal.
7:10 of 2nd period - Stopped by Marek Mazanek without a rebound.
7:11 of 2nd period - Cody Eakin wins face-off versus John Tavares in Ducks zone.
8:04 of 2nd period - Jimmy Vesey is hit by Keith Aulie and loses puck.
8:15 of 2nd period - Nick Blankenburg is hit by Nikita Zaitsev and loses puck.
8:37 of 2nd period - Justin Schultz is hit by Marcus Foligno.
9:13 of 2nd period - Kevin Shattenkirk is hit by Keith Aulie.
9:22 of 2nd period - Carter Verhaeghe is hit by Oscar Klefbom and loses puck.
9:33 of 2nd period - Brian Dumoulin is hit by Gavin Bayreuther and loses puck.
9:39 of 2nd period - Icing by Jimmy Vesey.
9:40 of 2nd period - Tomas Nosek wins face-off versus John Tavares in Ducks zone.
9:53 of 2nd period - Wrist shot by Jimmy Vesey.
9:53 of 2nd period - Stopped by Ondrej Pavelec with a rebound.
10:13 of 2nd period - Snap shot by Mark Scheifele.
10:13 of 2nd period - Shot Misses the Net.
10:15 of 2nd period - Wrist shot by Mark Scheifele.
10:15 of 2nd period - Shot Misses the Net.
10:17 of 2nd period - Snap shot by Kirill Kaprizov.
10:17 of 2nd period - Shot Misses the Net.
10:19 of 2nd period - Snap shot by John Tavares.
10:19 of 2nd period - Shot Misses the Net.
10:21 of 2nd period - Slapshot by Mark Scheifele.
10:21 of 2nd period - Stopped by Marek Mazanek without a rebound.
10:22 of 2nd period - Sebastian Aho wins face-off versus Cody Eakin in Ducks zone.
10:25 of 2nd period - Snap shot by Mathew Barzal.
10:25 of 2nd period - Shot Misses the Net.
10:37 of 2nd period - Slapshot by Johnny Gaudreau.
10:37 of 2nd period - Shot Misses the Net.
10:53 of 2nd period - Kevin Shattenkirk is hit by Oscar Klefbom.
11:04 of 2nd period - Marcus Kruger is hit by Iven Barbashev and loses puck.
12:04 of 2nd period - Icing by Keith Aulie.
12:05 of 2nd period - Travis Zajac wins face-off versus John Tavares in Penguins zone.
12:36 of 2nd period - Snap shot by Mark Scheifele.
12:36 of 2nd period - Stopped by Marek Mazanek without a rebound.
12:37 of 2nd period - Sebastian Aho wins face-off versus Cody Eakin in Ducks zone.
12:38 of 2nd period - Snap shot by Pavel Zacha.
12:38 of 2nd period - Goal by Pavel Zacha - Penguins : 2 - Ducks : 1.
12:39 of 2nd period - Sebastian Aho wins face-off versus Cody Eakin in neutral zone.
12:42 of 2nd period - Slapshot by Gavin Bayreuther.
12:42 of 2nd period - Stopped by Marek Mazanek without a rebound.
12:43 of 2nd period - Mathew Barzal wins face-off versus Cody Eakin in Ducks zone.
12:58 of 2nd period - Snap shot by Kevin Shattenkirk.
12:58 of 2nd period - Shot Blocked by Mathew Barzal.
13:00 of 2nd period - Slapshot by Johnny Gaudreau.
13:00 of 2nd period - Stopped by Ondrej Pavelec without a rebound.
13:01 of 2nd period - John Tavares wins face-off versus Tomas Nosek in Penguins zone.
13:14 of 2nd period - Slapshot by Jesse Puljujarvi.
13:14 of 2nd period - Shot Blocked by Nick Leddy.
13:48 of 2nd period - Snap shot by Brandon Tanev.
13:48 of 2nd period - Stopped by Marek Mazanek with a rebound.
14:34 of 2nd period - Backhand shot by John Tavares.
14:34 of 2nd period - Stopped by Marek Mazanek without a rebound.
14:35 of 2nd period - John Tavares wins face-off versus Tomas Nosek in Ducks zone.
14:38 of 2nd period - Wrist shot by Mark Scheifele.
14:38 of 2nd period - Shot Blocked by Justin Schultz.
14:44 of 2nd period - Snap shot by Mark Scheifele.
14:44 of 2nd period - Shot Misses the Net.
14:46 of 2nd period - Wrist shot by Mark Scheifele.
14:46 of 2nd period - Stopped by Marek Mazanek without a rebound.
14:47 of 2nd period - John Tavares wins face-off versus Cody Eakin in Ducks zone.
15:02 of 2nd period - Snap shot by Johnny Gaudreau.
15:02 of 2nd period - Stopped by Ondrej Pavelec with a rebound.
15:04 of 2nd period - Slapshot by Cody Eakin.
15:04 of 2nd period - Shot Misses the Net.
15:14 of 2nd period - Justin Schultz is hit by Nick Leddy and loses puck.
15:39 of 2nd period - Snap shot by Marcus Foligno.
15:39 of 2nd period - Stopped by Marek Mazanek with a rebound.
15:59 of 2nd period - Backhand shot by Sam Gagner.
15:59 of 2nd period - Shot Misses the Net.
16:08 of 2nd period - Off-side.
16:09 of 2nd period - John Tavares wins face-off versus Marcus Kruger in neutral zone.
16:14 of 2nd period - Slapshot by Mark Scheifele.
16:14 of 2nd period - Shot Misses the Net.
16:16 of 2nd period - Slapshot by Nick Blankenburg.
16:16 of 2nd period - Shot Blocked by Cody Eakin.
16:36 of 2nd period - Justin Schultz is hit by Tom Wilson and loses puck.
16:43 of 2nd period - Wrist shot by Marcus Foligno.
16:43 of 2nd period - Stopped by Marek Mazanek without a rebound.
16:44 of 2nd period - Tomas Nosek wins face-off versus Sebastian Aho in Ducks zone.
17:00 of 2nd period - Snap shot by Jimmy Vesey.
17:00 of 2nd period - Stopped by Ondrej Pavelec without a rebound.
17:01 of 2nd period - John Tavares wins face-off versus Cody Eakin in Penguins zone.
17:14 of 2nd period - Slapshot by John Tavares.
17:14 of 2nd period - Stopped by Marek Mazanek with a rebound.
17:38 of 2nd period - Slapshot by Keith Aulie.
17:38 of 2nd period - Shot Blocked by Brian Dumoulin.
17:40 of 2nd period - Minor Penalty to Nikita Zaitsev for Holding.
17:41 of 2nd period - John Tavares wins face-off versus Mike Richards in Ducks zone.
17:52 of 2nd period - Mike Richards is hit by Keith Aulie and loses puck.
19:24 of 2nd period - Gavin Bayreuther is hit by Justin Schultz and loses puck.
19:40 of 2nd period - Penalty to Nikita Zaitsev is over, Nikita Zaitsev is back on ice.
19:47 of 2nd period - Jimmy Vesey is hit by Jeff Carter and loses puck.
Goals for this period are 2 for Penguins vs 0 for Ducks.
Shots for this period are 17 for Penguins vs 6 for Ducks.
3rd period
0:01 of 3rd period - John Tavares wins face-off versus Cody Eakin in neutral zone.
0:12 of 3rd period - Wrist shot by Cody Eakin.
0:12 of 3rd period - Shot Blocked by Nick Leddy.
0:37 of 3rd period - Snap shot by Jimmy Vesey.
0:37 of 3rd period - Stopped by Ondrej Pavelec without a rebound.
0:38 of 3rd period - Sebastian Aho wins face-off versus Tomas Nosek in Penguins zone.
0:45 of 3rd period - Tomas Nosek is hit by Keith Aulie and loses puck.
1:17 of 3rd period - Snap shot by Mike Richards.
1:17 of 3rd period - Stopped by Ondrej Pavelec with a rebound.
1:49 of 3rd period - Slapshot by Brandon Tanev.
1:49 of 3rd period - Stopped by Marek Mazanek without a rebound.
1:50 of 3rd period - Colin Wilson wins face-off versus Travis Zajac in Ducks zone.
2:08 of 3rd period - Icing by Justin Schultz.
2:09 of 3rd period - John Tavares wins face-off versus Travis Zajac in Ducks zone.
2:18 of 3rd period - Snap shot by Sam Gagner.
2:18 of 3rd period - Stopped by Ondrej Pavelec without a rebound.
2:19 of 3rd period - John Tavares wins face-off versus Cody Eakin in Penguins zone.
2:19 of 3rd period - John Tavares is hit by Kevin Shattenkirk.
2:51 of 3rd period - Snap shot by Jimmy Vesey.
2:51 of 3rd period - Stopped by Ondrej Pavelec without a rebound.
2:52 of 3rd period - Tomas Nosek wins face-off versus Sebastian Aho in Penguins zone.
3:09 of 3rd period - Brian Dumoulin is hit by Sebastian Aho and loses puck.
3:22 of 3rd period - Wrist shot by Mathew Barzal.
3:22 of 3rd period - Stopped by Marek Mazanek with a rebound.
3:28 of 3rd period - Slapshot by Sebastian Aho.
3:28 of 3rd period - Stopped by Marek Mazanek with a rebound.
3:30 of 3rd period - Snap shot by Pavel Zacha.
3:30 of 3rd period - Shot Misses the Net.
3:32 of 3rd period - Slapshot by Mathew Barzal.
3:32 of 3rd period - Deflect By Sebastian Aho.
3:32 of 3rd period - Goal by Sebastian Aho - Penguins : 3 - Ducks : 1.
3:33 of 3rd period - Cody Eakin wins face-off versus Kirill Kaprizov in neutral zone.
4:00 of 3rd period - Jesse Puljujarvi is hit by Sebastian Aho and loses puck.
4:41 of 3rd period - Chris Bigras is hit by Oscar Klefbom and loses puck.
4:48 of 3rd period - Alexandre Grenier is hit by Iven Barbashev and loses puck.
5:03 of 3rd period - Wrist shot by Cody Eakin.
5:03 of 3rd period - Stopped by Ondrej Pavelec with a rebound.
5:05 of 3rd period - Snap shot by Marcus Kruger.
5:05 of 3rd period - Stopped by Ondrej Pavelec without a rebound.
5:06 of 3rd period - John Tavares wins face-off versus Cody Eakin in Penguins zone.
5:58 of 3rd period - Minor Penalty to Kris Versteeg for Cross-checking.
5:59 of 3rd period - John Tavares wins face-off versus Mike Richards in Ducks zone.
6:09 of 3rd period - Wrist shot by Kirill Kaprizov.
6:09 of 3rd period - Shot Misses the Net.
6:11 of 3rd period - Wrist shot by John Tavares.
6:11 of 3rd period - Stopped by Marek Mazanek with a rebound.
6:13 of 3rd period - Slapshot by Oscar Klefbom.
6:13 of 3rd period - Stopped by Marek Mazanek without a rebound.
6:14 of 3rd period - Mike Richards wins face-off versus John Tavares in Ducks zone.
6:14 of 3rd period - Mike Richards is hit by Oscar Klefbom.
7:31 of 3rd period - Travis Zajac is hit by Sebastian Aho and loses puck.
7:58 of 3rd period - Penalty to Kris Versteeg is over, Kris Versteeg is back on ice.
8:02 of 3rd period - Kris Versteeg is hit by Pavel Zacha and loses puck.
8:09 of 3rd period - Slapshot by Brian Dumoulin.
8:09 of 3rd period - Shot Misses the Net.
8:22 of 3rd period - Wrist shot by Cody Eakin.
8:22 of 3rd period - Stopped by Ondrej Pavelec with a rebound.
9:28 of 3rd period - Tom Wilson is hit by Sam Gagner and loses puck.
9:43 of 3rd period - Alexandre Grenier is hit by Mark Scheifele and loses puck.
9:54 of 3rd period - Nick Leddy is hit by Justin Schultz and loses puck.
10:07 of 3rd period - Slapshot by Justin Schultz.
10:07 of 3rd period - Deflect By Cody Eakin.
10:07 of 3rd period - Stopped by Ondrej Pavelec without a rebound.
10:08 of 3rd period - John Tavares wins face-off versus Cody Eakin in Penguins zone.
10:31 of 3rd period - Snap shot by Kris Versteeg.
10:31 of 3rd period - Shot Blocked by Keith Aulie.
10:48 of 3rd period - Icing by Keith Aulie.
10:49 of 3rd period - Tomas Nosek wins face-off versus Jeff Carter in Penguins zone.
11:00 of 3rd period - Snap shot by Jimmy Vesey.
11:00 of 3rd period - Stopped by Ondrej Pavelec with a rebound.
11:09 of 3rd period - Minor Penalty to Jeff Carter for Tripping.
11:10 of 3rd period - Mark Scheifele wins face-off versus Cody Eakin in Penguins zone.
12:05 of 3rd period - Icing by Johnny Gaudreau.
12:06 of 3rd period - Cody Eakin wins face-off versus Mark Scheifele in Ducks zone.
13:09 of 3rd period - Penalty to Jeff Carter is over, Jeff Carter is back on ice.
13:18 of 3rd period - Colin Wilson is hit by Nikita Zaitsev and loses puck.
13:25 of 3rd period - Snap shot by Travis Zajac.
13:25 of 3rd period - Shot Misses the Net.
13:27 of 3rd period - Slapshot by Justin Schultz.
13:27 of 3rd period - Shot Misses the Net.
13:41 of 3rd period - Wrist shot by Kris Versteeg.
13:41 of 3rd period - Shot Blocked by Mathew Barzal.
13:51 of 3rd period - Snap shot by Mark Scheifele.
13:51 of 3rd period - Stopped by Marek Mazanek without a rebound.
13:52 of 3rd period - John Tavares wins face-off versus Tomas Nosek in Ducks zone.
13:53 of 3rd period - Snap shot by Kirill Kaprizov.
13:53 of 3rd period - Stopped by Marek Mazanek without a rebound.
13:54 of 3rd period - Tomas Nosek wins face-off versus John Tavares in Ducks zone.
13:54 of 3rd period - Tomas Nosek is hit by Mark Scheifele.
14:07 of 3rd period - Minor Penalty to Mark Scheifele for Tripping.
14:08 of 3rd period - Colin Wilson wins face-off versus Cody Eakin in Penguins zone.
15:20 of 3rd period - Jeff Carter is hit by Marcus Kruger and loses puck.
15:55 of 3rd period - Tomas Nosek is hit by Kirill Kaprizov and loses puck.
16:07 of 3rd period - Penalty to Mark Scheifele is over, Mark Scheifele is back on ice.
16:25 of 3rd period - Snap shot by Travis Zajac.
16:25 of 3rd period - Stopped by Ondrej Pavelec without a rebound.
16:26 of 3rd period - John Tavares wins face-off versus Travis Zajac in Penguins zone.
16:33 of 3rd period - Noah Hanifin is hit by Gavin Bayreuther and loses puck.
17:01 of 3rd period - Jesse Puljujarvi is hit by Sebastian Aho and loses puck.
17:16 of 3rd period - Wrist shot by Marcus Kruger.
17:16 of 3rd period - Stopped by Ondrej Pavelec with a rebound.
17:28 of 3rd period - Snap shot by Kris Versteeg.
17:28 of 3rd period - Stopped by Ondrej Pavelec with a rebound.
17:30 of 3rd period - Wrist shot by Carter Verhaeghe.
17:30 of 3rd period - Shot Blocked by Oscar Klefbom.
17:45 of 3rd period - Icing by Colin Wilson.
17:46 of 3rd period - Travis Zajac wins face-off versus John Tavares in Penguins zone.
17:55 of 3rd period - Wrist shot by Sam Gagner.
17:55 of 3rd period - Goal by Sam Gagner - Penguins : 3 - Ducks : 2.
17:56 of 3rd period - Jeff Carter wins face-off versus Mike Richards in neutral zone.
18:09 of 3rd period - Snap shot by Jeff Carter.
18:09 of 3rd period - Shot Misses the Net.
18:11 of 3rd period - Slapshot by Tom Wilson.
18:11 of 3rd period - Stopped by Marek Mazanek with a rebound.
18:52 of 3rd period - Ducks, Marek Mazanek is pulled from the net.
19:10 of 3rd period - Snap shot by Marcus Kruger.
19:10 of 3rd period - Shot Blocked by John Tavares.
19:16 of 3rd period - Wrist shot by John Tavares.
19:16 of 3rd period - Goal by John Tavares - Penguins : 4 - Ducks : 2.
19:16 of 3rd period - Marek Mazanek from Ducks was sent back in the game.
19:17 of 3rd period - Mike Richards wins face-off versus Jeff Carter in neutral zone.
19:23 of 3rd period - Off-side.
19:24 of 3rd period - Marcus Foligno wins face-off versus Mike Richards in neutral zone.
19:51 of 3rd period - Snap shot by Iven Barbashev.
19:51 of 3rd period - Shot Blocked by Brian Dumoulin.
Goals for this period are 2 for Penguins vs 1 for Ducks.
Shots for this period are 10 for Penguins vs 13 for Ducks.
Output by the SimonT Hockey Simulator (STHS) for Francois Prevost